 Dungeon Crawl Stone Soup version 0.30-a0-118-ga018f8e90f (webtiles) character file.

Game seed: 4010187813021432149

846 kae the Firebug (level 7, 0/40 HPs)
             Began as a Deep Elf Fire Elementalist on Sept 13, 2022.
             Slain by an ice beast (9 damage)
             ... on level 5 of the Dungeon.
             The game lasted 00:04:28 (5976 turns).

kae the Firebug (Deep Elf Fire Elementalist)        Turns: 5976, Time: 00:04:29

Health: 0/40       AC:  3    Str:  5    XL:     7   Next: 68%
Magic:  8/17       EV: 12    Int: 22    God:
Gold:   105        SH:  0    Dex: 15    Spells: 7/16 levels left

rFire   + . .      SeeInvis .    h - staff of fire {!a}
rCold   . . .      Faith    .    (no shield)
rNeg    . . .      Spirit   .    a - +0 robe
rPois   .          Reflect  .    (no helmet)
rElec   .          Harm     .    l - +0 cloak
rCorr   .          Rampage  .    (no gloves)
Will    .....                    (no boots)
Stlth   ++........               (no amulet)
HPRegen 0.13/turn                (no ring)
MPRegen 0.15/turn                (no ring)

@: no status effects
A: no striking features
a: no special abilities


You were on level 5 of the Dungeon.
You visited 1 branch of the dungeon, and saw 5 of its levels.

You collected 118 gold pieces.
You spent 13 gold pieces at shops.


   Skills:
 + Level 2.5 Fighting
 - Level 2.4 Dodging
 - Level 2.4 Stealth
 + Level 5.4 Spellcasting
 * Level 5.5 Conjurations
 * Level 6.5 Fire Magic


You had 7 spell levels left.
You knew the following spells:

 Your Spells              Type           Power      Damage    Failure   Level
a - Foxfire               Conj/Fire      100%       2x1d9     1%          1
b - Scorch                Fire           100%       2d10      1%          2
c - Kindle Blastsparks    Fire/Tloc/Air  46%        2d13      12%         3
d - Inner Flame           Hex/Fire       30%        N/A       8%          3

Your spell library contained the following spells:

 Spells                   Type           Power      Damage    Failure   Level
 Flame Wave               Conj/Fire      48%        2d12      9%          4

Inventory:

Hand Weapons
 n - the +2 whip of the Chickpea {vorpal, Drain rN++ Str+4}
   (You found it on level 3 of the Dungeon)

   It inflicts extra damage upon your enemies.
   Str:       It affects your strength (+4).
   rN:        It greatly protects you from negative energy.
   Drain:     It drains your maximum health when unequipped.
Missiles
 c - 36 stones
 k - 10 poisoned darts
Armour
 a - a +0 robe (worn)
 l - a +0 cloak (worn)
   (You found it on level 2 of the Dungeon)
Magical Staves
 h - a staff of fire (weapon) {!a}
   (You found it on level 1 of the Dungeon)
 m - a staff of earth {!a}
   (You found it on level 5 of the Dungeon)
 u - a staff of death {!a}
   (You found it on level 5 of the Dungeon)
Wands
 r - a wand of polymorph (8)
   (You found it on level 5 of the Dungeon)
Scrolls
 e - 3 scrolls of identify {@r1}
 f - 4 scrolls of immolation {!r!r}
 i - a scroll of poison {!r}
Potions
 b - a potion of magic
 d - 2 potions of invisibility
 g - 3 potions of degeneration {!q}
 j - a potion of attraction {!q}
 o - a potion of ambrosia {unknown}
 p - a potion of brilliance
 q - a potion of berserk rage {unknown}
 s - a potion of cancellation {unknown}
 t - a potion of heal wounds {unknown}

Dungeon Overview and Level Annotations

Branches:
Dungeon (5/15) Zot: 24024
 Temple: D:4-7

Altars:
Kikubaaqudgha
Qazlal
Uskayaw

Shops:
D:1 !   D:3 (

Annotations:
D:3 2 transporters, kae's ghost, amateur DEFE

#......##.......
#......##.......
#......###...... #......#
#...... ### #......#
#...... .... #......#
#...... ..... #......#
#######
...)..####).....#####....
#..).Y@#...............
######.#)##.#..........
#...##............
######............
#............
#........##.#
#...#.##.##.#
#...#........
#...#.#...#..


You could see an ice beast (combustible).


Message History

Casting: Foxfire (safe; 1% risk of failure)
Confirm with . or Enter, or press ? or * to list all spells.
You feel a surge of power!
You conjure some foxfire!
The foxfire hits the orc priest.
The foxfire hits the orc priest!
You kill the orc priest! 😮 MP[-1] Unknown command.
Casting: Foxfire (safe; 1% risk of failure)
Confirm with . or Enter, or press ? or * to list all spells.
You feel a surge of power!
You conjure some foxfire!
The foxfire hits the orc.
The foxfire hits the orc but does no damage.
Casting: Foxfire (safe; 1% risk of failure)
Confirm with . or Enter, or press ? or * to list all spells.
You feel a surge of power!
You conjure some foxfire!
The foxfire hits the orc.
The foxfire hits the orc.
You kill the orc! 😮 MP[-1]
You lost 1 mp, and now have 12/17 mp.
An orc comes into view. It is wielding a +0 dagger. 😮 HP[+1]
An orc is nearby!
Casting: Foxfire (safe; 1% risk of failure)
Confirm with . or Enter, or press ? or * to list all spells.
You feel a surge of power!
You conjure some foxfire!
The foxfire hits the orc but does no damage.
The foxfire hits the orc. 😮 MP[-1]
You lost 1 mp, and now have 11/17 mp.
An orc is nearby!
Casting: Foxfire (safe; 1% risk of failure)
Confirm with . or Enter, or press ? or * to list all spells.
You feel a surge of power!
You conjure some foxfire!
The foxfire hits the orc.
You kill the orc!
Items here: )) [[ †.
You see here a +0 flail.
An orc comes into view.
It is wielding a +0 mace. 😕 HP[+9] MP[+6]
You regained 9 hp, and now have 37/40 hp.
Your mp is fully restored (17).
An orc is nearby!
An orc is nearby!
An orc is nearby!
Casting: Foxfire (safe; 1% risk of failure)
Confirm with . or Enter, or press ? or * to list all spells.
You feel a surge of power!
You conjure some foxfire!
The orc shouts!
An ice beast comes into view. 😕 MP[-1]
You lost 1 mp, and now have 16/17 mp.
Casting: Foxfire (safe; 1% risk of failure)
Confirm with . or Enter, or press ? or * to list all spells.
You feel a surge of power!
You conjure some foxfire!
The foxfire hits the orc.
You kill the orc! 😕 MP[-1]
You lost 1 mp, and now have 15/17 mp.
An ice beast is nearby!
Casting: Foxfire (safe; 1% risk of failure)
Confirm with . or Enter, or press ? or * to list all spells.
You feel a surge of power!
You conjure some foxfire!
The foxfire hits the ice beast.
The ice beast melts!
An orc comes into view. It is wielding a +3 short sword.
The foxfire hits the ice beast. 😕 HP[+1]
Casting: Foxfire (safe; 1% risk of failure)
Confirm with . or Enter, or press ? or * to list all spells.
You feel a surge of power!
Flames lash the ice beast but do no damage. 😕 MP[-2]
You lost 2 mp, and now have 13/17 mp.
Casting: Scorch (safe; 1% risk of failure)
Confirm with . or Enter, or press ? or * to list all spells.
You feel a surge of power!
Flames lash the ice beast.
The ice beast melts!
The ice beast's fire resistance burns away.
The orc shouts!
The ice beast hits you. The ice beast freezes you! The ice beast hits you.
* * * LOW HITPOINT WARNING * * *
The ice beast freezes you!
* * * LOW HITPOINT WARNING * * *
😨 HP[-26] MP[-2]
You take 26 damage, and now have 12/40 hp.
MASSIVE DAMAGE!! (PAUSE)
You lost 2 mp, and now have 11/17 mp.
Casting: Scorch (safe; 1% risk of failure)
Confirm with . or Enter, or press ? or * to list all spells.
You feel a surge of power!
Flames lash the ice beast.
The ice beast melts!
The ice beast barely misses you.
The ice beast closely misses you. 😨 MP[-1]
You lost 1 mp, and now have 10/17 mp.
Casting: Scorch (safe; 1% risk of failure)
Confirm with . or Enter, or press ? or * to list all spells.
You feel a surge of power!
Flames lash the orc.
You kill the orc!
The ice beast hits you.
* * * LOW HITPOINT WARNING * * *
The ice beast freezes you!
You die...

Skill      XL: |  1  2  3  4  5  6  7 |
---------------+----------------------+-----
Conjurations   | 2 3 4 5 |  5.5
Fire Magic     | 4 5 6 |  6.5
Fighting       | 1 2 |  2.5
Spellcasting   | 4 5 |  5.4
Dodging        | |  2.4
Stealth        | |  2.4

Action                   |  1- 3 |  4- 6 |  7- 9 || total
-------------------------+-------+-------+-------++-------
 Cast: Foxfire           |    40 |   117 |    29 ||   186
       Scorch            |     1 |    31 |    12 ||    44
  Use: Scroll            |       |     8 |       ||     8
Armor: Robe              |       |     6 |     3 ||     9
Dodge: Dodged            |     2 |    32 |    16 ||    50

Levels and vault maps discovered:
D:1:      nicolae_arrival_memento_mori, layout_loops_ring, serial_shops,
          nicolae_shop_advertising_works [nicolae_subvault_shop_adworks],
          minmay_cupped
D:2:      layout_basic, hellmonk_ecumenical_altar_blasted,
          uniq_crazy_yiuf_cottage
D:3:      layout_basic, serial_shops, nicolae_shop_overgrown_old_shop,
          gammafunk_ghost_smash, eino_tiny_chamber
D:4:      layout_loops_ring, lemuel_zombie_altar_kikubaaqudgha,
          mainiacjoe_overflow_boulevard
D:5:      layout_basic, mainiacjoe_overflow_catwalk, small_statue_intersection,
          minmay_misc_feat_enclosed, minmay_holes

Notes
Turn   | Place    | Note
-------+----------+-------------------------------------------
     0 | D:1      | kae the Deep Elf Fire Elementalist began the quest for the
                  | Orb.
     0 | D:1      | Reached XP level 1. HP: 10/10 MP: 6/6
     0 | D:1      | magus.rc [v1.11.3]
   396 | D:1      | Reached XP level 2. HP: 15/15 MP: 5/8
   529 | D:1      | Found Rioga's Distillery.
   537 | D:1      | Bought a potion of degeneration for 13 gold pieces
   850 | D:2      | Found a faded altar of an unknown god.
   858 | D:2      | Learned a level 2 spell: Scorch
   873 | D:2      | Reached skill level 2 in Conjurations
   873 | D:2      | Reached XP level 3. HP: 20/20 MP: 4/9
   877 | D:2      | Learned a level 3 spell: Kindle Blastsparks
   915 | D:2      | Reached skill level 4 in Fire Magic
  1019 | D:2      | Reached skill level 1 in Fighting
  1110 | D:2      | Reached XP level 4. HP: 25/25 MP: 8/11
  1121 | D:2      | Learned a level 3 spell: Inner Flame
  1912 | D:2      | Found a runed translucent door.
  1913 | D:2      | Noticed Crazy Yiuf
  2253 | D:2      | Killed Crazy Yiuf
  2254 | D:2      | Reached skill level 3 in Conjurations
  2359 | D:3      | Found Yssaleed's Antique Weapon Shop.
  2535 | D:3      | Identified the +2 whip of the Chickpea {vorpal, Drain rN++
                  | Str+4}
  2547 | D:3      | Found a transporter.
  2548 | D:3      | Noticed kae's ghost (amateur DEFE)
  2548 | D:3      | Noticed an ogre
  2549 | D:3      | Found a transporter.
  2549 | D:3      | Noticed an ogre
  2762 | D:3      | Reached XP level 5. HP: 29/29 MP: 9/12
  2979 | D:3      | Reached skill level 4 in Spellcasting
  3719 | D:4      | Reached skill level 5 in Fire Magic
  3850 | D:4      | Reached XP level 6. HP: 19/35 MP: 5/14
  4228 | D:4      | Reached skill level 4 in Conjurations
  4328 | D:4      | Found a stormy altar of Qazlal.
  4356 | D:4      | Reached skill level 2 in Fighting
  4736 | D:4      | Found an ancient bone altar of Kikubaaqudgha.
  4993 | D:5      | Entered Level 5 of the Dungeon
  5119 | D:5      | Noticed an ice beast
  5127 | D:5      | Killed an ice beast
  5128 | D:5      | Reached XP level 7. HP: 23/40 MP: 6/16
  5271 | D:5      | Reached skill level 5 in Spellcasting
  5271 | D:5      | Reached skill level 5 in Conjurations
  5271 | D:5      | Reached skill level 6 in Fire Magic
  5422 | D:5      | Found a hide-covered altar of Uskayaw.
  5976 | D:5      | HP: 9/40 [ice beast (4)]
  5976 | D:5      | Slain by an ice beast

Vanquished Creatures
  An ice beast (D:5)
  A necrophage (D:5)
  2 bullfrogs
  2 scorpions
  2 orc priests
  Crazy Yiuf (D:2)
  A hound (D:5)
  2 jellies
  An iguana (D:5)
  2 orc wizards
  3 gnolls (D:2)
  6 adders
  A shadow imp (D:5)
  An ufetubus (D:5)
  4 worms
  2 dart slugs
  10 orcs
  3 ball pythons
  7 bats
  A bat zombie (D:4)
  5 endoplasms
  3 giant cockroaches
  8 goblins
  6 hobgoblins
  2 jackals (D:3)
  8 kobolds
  4 quokkas
  6 rats
  2 rat zombies (D:4)
97 creatures vanquished.

Vanquished Creatures (others)
  293 foxfires
  A plant (D:3)
294 creatures vanquished.

Grand Total: 391 creatures vanquished

Table legend:
 A = Non-vault XP
 B = Vault XP
 C = Vault XP percentage of total XP
 D = Non-vault monster count
 E = Vault monster count
 F = Vault count percentage of total count
                 A         B        C        D         E       F
            +---------+---------+-------+---------+---------+-------
      Total |    1165 |      47 |   3.9 |      91 |       6 |   6.2
            +---------+---------+-------+---------+---------+-------
        D:1 |      13 |       3 |  18.8 |       6 |       2 |  25.0
        D:2 |     122 |      40 |  24.7 |      21 |       1 |   4.5
        D:3 |     150 |       0 |   0.0 |      27 |       0 |   0.0
        D:4 |     292 |       4 |   1.4 |      22 |       3 |  12.0
        D:5 |     588 |       0 |   0.0 |      15 |       0 |   0.0
            +---------+---------+-------+---------+---------+-------

Illustrated notes

Table legend:
 A = Kills in this place as a percentage of kills in entire the game.
 B = Kills by you in this place as a percentage of kills by you in the entire game.
 C = Kills by friends in this place as a percentage of kills by friends in the entire game.
 D = Other kills in this place as a percentage of other kills in the entire game.
 E = Experience gained in this place as a percentage of experience gained in the entire game.
 F = Experience gained in this place divided by the number of levels of this place that you have seen.
                   A       B       C       D       E      F
               +-------+-------+-------+-------+-------+----------------------
         Total | 100.0 | 100.0 |   N/A |   N/A | 100.0 | 242.4
       Dungeon | 100.0 | 100.0 |   N/A |   N/A | 100.0 | 242.4
               +-------+-------+-------+-------+-------+----------------------

Table legend: (Time is in decaauts)
 A = Elapsed time spent in this place.
 B = Non-inter-level travel time spent in this place.
 C = Inter-level travel time spent in this place.
 D = Time resting spent in this place.
 E = Time spent auto-exploring this place.
 F = Levels seen in this place.
 G = Mean time per level.
                   A        B        C        D        E       F      G
               +--------+--------+--------+--------+--------+-----+--------+
         Total |   5974 |   5856 |    118 |    182 |   4953 |   5 | 1194.8 |
       Dungeon |   5974 |   5856 |    118 |    182 |   4953 |   5 | 1194.8 |
               +--------+--------+--------+--------+--------+-----+--------+

Top non-repeatable levels by time:
     D:2: 1503 daAuts
     D:3: 1369 daAuts
     D:4: 1279 daAuts
     D:5: 982 daAuts
     D:1: 839 daAuts
